 Dungeon Crawl Stone Soup version 0.29.1-15-g9cfb28693d (webtiles) character file.

Game seed: 5180535842410288482

31448 Gumption the Severer (level 13, -16/119 HPs)
             Began as a Minotaur Berserker on Mar 26, 2023.
             Was a High Priest of Trog.
             Demolished by a cane toad (17 damage)
             ... on level 5 of the Lair of Beasts.
             The game lasted 01:52:40 (14156 turns).

Gumption the Severer (Minotaur Berserker)          Turns: 14156, Time: 01:52:40

Health: -16/119    AC: 25    Str: 26    XL:     13   Next: 26%
Magic:  12/12      EV:  6    Int:  6    God:    Trog [*****.]
Gold:   244        SH: 16    Dex:  9    Spells: 12/12 levels left

rFire   + . .      SeeInvis .   a - +4 war axe (venom)
rCold   . . .      Faith    .   O - +0 tower shield
rNeg    . . .      Spirit   .   A - +0 plate armour
rPois   +          Reflect  .   (helmet restricted)
rElec   .          Harm     .   H - +2 cloak
rCorr   +          Rampage  .   I - +3 pair of gauntlets of War {Slay+5}
Will    .....                   o - +0 pair of boots of the Volcano {rF+ Regen+ Slay-4}
Stlth   ..........              j - amulet of the acrobat
HPRegen 1.09/turn               u - ring of poison resistance
MPRegen 0.13/turn               g - ring of resist corrosion

@: on berserk cooldown, slowed, very slow
A: horns 2, retaliatory headbutt
a: Renounce Religion, Berserk, Trog's Hand, Brothers in Arms


You were on level 5 of the Lair of Beasts.
You worshipped Trog.
Trog was extremely pleased with you.
You visited 2 branches of the dungeon, and saw 16 of its levels.

You collected 837 gold pieces.
You spent 593 gold pieces at shops.

Inventory:

Hand Weapons
 a - a +4 war axe of venom (weapon)
 b - a +1 sling of freezing
 w - a +1 war axe of flaming
 S - a +3 vorpal broad axe
Missiles
 x - 8 boomerangs (quivered)
 F - a curare-tipped dart
 J - a throwing net
Armour
 o - the +0 pair of boots of the Volcano (worn) {rF+ Regen+ Slay-4}
   (You found it on level 2 of the Dungeon)

   Slay:      It affects your accuracy & damage with ranged weapons and melee
   (-4).
   rF:        It protects you from fire.
   Regen:     It increases your rate of health regeneration.
 A - a +0 plate armour (worn)
 H - a +2 cloak (worn)
 I - the +3 pair of gauntlets of War (worn) {Slay+5}
   (You found it on level 8 of the Dungeon)

   Slay:      It affects your accuracy & damage with ranged weapons and melee
   (+5).
 O - a +0 tower shield (worn)
Jewellery
 g - a ring of resist corrosion (right hand)
 h - a ring of see invisible
 j - an amulet of the acrobat (around neck)
 u - a ring of poison resistance (left hand)
 C - a +4 ring of slaying
 Q - a ring of ice
Wands
 t - a wand of charming (19)
 D - a wand of iceblast (21)
 G - a wand of flame (28)
 L - a wand of mindburst (15)
 M - a wand of digging (6)
 N - a wand of light (5)
Scrolls
 e - 3 scrolls of magic mapping
 f - 8 scrolls of butterflies
 i - a scroll of brand weapon
 l - 2 scrolls of fear
 m - a scroll of silence
 p - a scroll of enchant armour {unknown}
 r - a scroll of identify
 y - 3 scrolls of teleportation
 B - a scroll of enchant weapon
 K - a scroll of blinking
 P - a scroll of immolation {unknown}
 R - a scroll of poison {unknown}
Potions
 c - 2 potions of magic
 d - 2 potions of might
 k - 3 potions of flight
 n - a potion of attraction
 q - 7 potions of curing
 s - 2 potions of mutation
 z - 2 potions of berserk rage
 E - a potion of invisibility
 U - a potion of ambrosia {unknown}


   Skills:
 + Level 12.9 Fighting
 + Level 16.8 Axes
 + Level 12.6 Armour
 - Level 2.1 Dodging
 * Level 12.7 Shields


You had 12 spell levels left.
You didn't know any spells.
Your spell library was empty.

Dungeon Overview and Level Annotations

Branches:
Dungeon (12/15)            Temple (0/1) D:5            Lair (3/5) D:8
  Swamp (0/4) Lair:2          Orc (0/2) D:12
  Snake: Lair:2-3    Spider: Lair:2-3

Altars:
Dithmenos
Elyvilon
Gozag
Trog
Xom

Shops:
D:4 ?   D:5 !?[?[


Innate Abilities, Weirdness & Mutations

You have a pair of horns on your head.
You reflexively headbutt those who attack you in melee.


Message History

The goliath frog hits you from afar.
* * * LOW HITPOINT WARNING * * *
You are splashed with acid.
You resist.
* * * LOW HITPOINT WARNING * * *
You block the goliath frog's attack. You block the goliath frog's attack.
You block the cane toad's attack.
Items here: ††††††.
You slash the goliath frog!
The goliath frog is poisoned.
The goliath frog is moderately wounded.
You slash the cane toad!
The cane toad is poisoned.
The goliath frog hits you but does no damage.
You block the cane toad's attack. You block the goliath frog's attack.
You block the cane toad's attack.
You slash the goliath frog!
The goliath frog looks as sick as possible!
Your headbutt misses the goliath frog.
The goliath frog is severely wounded.
You hit the cane toad.
The cane toad looks as sick as possible!
The goliath frog hits you!
* * * LOW HITPOINT WARNING * * *
You are splashed with acid.
You resist.
* * * LOW HITPOINT WARNING * * *
You block the cane toad's attack.
The blink frog blinks!
The goliath frog barely misses you. The cane toad stings you!
* * * LOW HITPOINT WARNING * * *
You hit the goliath frog.
The goliath frog looks as sick as possible!
You headbutt the goliath frog.
The goliath frog is almost dead.
You closely miss the cane toad.
You kill the goliath frog!
Trog accepts your kill.
The blink frog blinks!
The blink frog attacks as you move away!
You block the blink frog's attack.
You feel better. The cane toad stings you!
* * * LOW HITPOINT WARNING * * *
The cane toad stings you!
You die...

### #@# #F#
......†F#
#......~.
....~~~~..
~~P~~~~~~~.
~~≈~~~~~~~~~
~~~≈~≈~≈≈≈~~.
P~~~≈≈~≈~~≈~.~


You could see a cane toad (very poisoned) and a blink frog.

Vanquished Creatures
  Frances (D:12)
  Josephine (D:12)
  A hydra (D:11)
  A boulder beetle (Lair:1)
  2 two-headed ogres (D:9)
  3 skeletal warriors (D:11)
  2 goliath frogs (Lair:5)
  Pikel (D:7)
  A deep elf pyromancer (D:12)
  An ugly thing (D:12)
  Maurice (D:8)
  Joseph (D:7)
  A black mamba (Lair:1)
  8 cane toads
  3 gargoyles
  2 kobold demonologists
  2 komodo dragons (Lair:1)
  3 trolls
  Grinder (D:5)
  A tyrant leech (Lair:5)
  A hornet (D:11)
  3 blink frogs (Lair:5)
  8 wraiths (D:12)
  A water elemental (D:12)
  A vampire (D:9)
  4 wyverns
  35 yaks
  2 basilisks (Lair:2)
  Grum (D:8)
  A steam dragon (Lair:1)
  11 vampire mosquitoes
  3 wargs (D:8)
  An acid dragon (D:11)
  Duvessa (D:6)
  7 water moccasins
  5 orc warriors (D:12)
  A black bear (D:4)
  An ogre (D:6)
  8 wolves
  5 phantoms
  7 centaurs
  14 bullfrogs
  A necrophage (D:4)
  3 kobold brigands
  2 gnoll sergeants
  3 scorpions
  8 wights
  Dowan (D:6)
  10 killer bees
  7 howler monkeys
  10 hounds
  A jelly (D:7)
  8 orc priests
  2 iguanas
  Terence (D:3)
  9 orc wizards
  16 gnolls
  7 adders
  4 shadow imps
  2 white imps (D:6)
  2 dart slugs
  39 orcs
  3 bats
  4 endoplasms
  2 giant cockroaches
  7 hobgoblins
  6 quokkas
  5 ball pythons
  3 frilled lizards
  4 goblins
  14 kobolds
  4 rats
346 creatures vanquished.

Vanquished Creatures (others)
  5 fungi
  61 plants
66 creatures vanquished.

Grand Total: 412 creatures vanquished

Notes
Turn   | Place    | Note
-------+----------+-------------------------------------------
     0 | D:1      | Gumption the Minotaur Berserker began the quest for the
                  | Orb.
     0 | D:1      | Reached XP level 1. HP: 19/19 MP: 0/0
   520 | D:1      | Reached skill level 4 in Axes
   520 | D:1      | Reached XP level 2. HP: 27/27 MP: 1/1
   758 | D:1      | Found a faded altar of an unknown god.
  1502 | D:2      | Reached XP level 3. HP: 31/33 MP: 2/2
  1544 | D:2      | Identified the +0 pair of boots of the Volcano {rF+ Regen+
                  | Slay-4}
  1905 | D:3      | Noticed Terence
  1912 | D:3      | Killed Terence
  1913 | D:3      | Reached XP level 4. HP: 41/41 MP: 3/3
  2232 | D:3      | Reached skill level 5 in Axes
  2613 | D:3      | Reached ** piety under Trog
  2893 | D:3      | Found a bloodstained altar of Trog.
  2933 | D:3      | Found a shadowy altar of Dithmenos.
  3043 | D:4      | Reached XP level 5. HP: 47/47 MP: 4/4
  3150 | D:4      | Noticed a black bear
  3188 | D:4      | Killed a black bear
  3189 | D:4      | Reached skill level 5 in Fighting
  3189 | D:4      | Reached skill level 6 in Axes
  3189 | D:4      | Reached XP level 6. HP: 56/56 MP: 5/5
  3578 | D:4      | Found Mixota's Magic Scroll Shoppe.
  3589 | D:4      | Bought a scroll of magic mapping for 97 gold pieces
  3837 | D:5      | Entered Level 5 of the Dungeon
  3860 | D:5      | Reached skill level 7 in Axes
  3890 | D:5      | Found an opulent altar of Gozag.
  3943 | D:5      | Found Itwemom's Antique Armour Shop.
  3969 | D:5      | Reached skill level 5 in Armour
  3969 | D:5      | Reached XP level 7. HP: 46/62 MP: 6/6
  4085 | D:5      | Found Puss's Magic Scroll Shoppe.
  4099 | D:5      | Bought a scroll of identify for 22 gold pieces
  4099 | D:5      | Bought a scroll of identify for 22 gold pieces
  4099 | D:5      | Bought a scroll of identify for 22 gold pieces
  4099 | D:5      | Bought a scroll of identify for 22 gold pieces
  4099 | D:5      | Bought a scroll of identify for 22 gold pieces
  4107 | D:5      | Found a staircase to the Ecumenical Temple.
  4128 | D:5      | Found Setiasto's Distillery.
  4227 | D:5      | Found Buacvodo's Magic Scroll Shop.
  4239 | D:5      | Found Ciocwun's Antique Armour Shop.
  4345 | D:5      | Noticed Grinder
  4358 | D:5      | Paralysed by Grinder for 5 turns
  4364 | D:5      | Killed Grinder
  4365 | D:5      | Reached skill level 8 in Axes
  4476 | D:5      | Found a shimmering altar of Xom.
  4498 | D:5      | Reached XP level 8. HP: 71/71 MP: 7/7
  4633 | D:6      | Reached skill level 9 in Axes
  4972 | D:6      | Noticed Duvessa
  4972 | D:6      | Noticed Dowan
  4985 | D:6      | Killed Duvessa
  5002 | D:6      | Killed Dowan
  5092 | D:6      | Reached skill level 10 in Axes
  5104 | D:6      | Reached *** piety under Trog
  5788 | D:5      | Bought a shiny buckler for 157 gold pieces
  5935 | D:7      | Reached XP level 9. HP: 77/81 MP: 8/8
  5993 | D:7      | Noticed Joseph
  6020 | D:7      | Killed Joseph
  6150 | D:7      | Reached skill level 11 in Axes
  6211 | D:7      | Noticed Pikel
  6230 | D:7      | Killed Pikel
  7127 | D:8      | Reached skill level 5 in Shields
  7311 | D:8      | Reached skill level 12 in Axes
  7370 | D:8      | Noticed Maurice
  7405 | D:8      | Killed Maurice
  7406 | D:8      | Reached XP level 10. HP: 86/91 MP: 9/9
  7430 | D:8      | Found the +3 pair of gauntlets of War {Slay+5}
  7465 | D:8      | Noticed Grum
  7485 | D:8      | Killed Grum
  7678 | D:8      | Found a staircase to the Lair.
  7688 | D:8      | Reached **** piety under Trog
  8064 | D:9      | Noticed a two-headed ogre
  8078 | D:9      | Killed a two-headed ogre
  8157 | D:9      | Reached skill level 13 in Axes
  8162 | D:9      | Noticed a two-headed ogre
  8180 | D:9      | Killed a two-headed ogre
  8486 | D:9      | Reached skill level 10 in Fighting
  8562 | D:9      | Reached XP level 11. HP: 67/99 MP: 10/10
  8988 | D:9      | Reached skill level 14 in Axes
  8989 | D:9      | Reached skill level 10 in Armour
  9207 | D:10     | Entered Level 10 of the Dungeon
  9643 | D:10     | Identified the +9 mace of Tounlo {drain, Int+4}
  9967 | D:11     | Noticed a skeletal warrior
  9979 | D:11     | Killed a skeletal warrior
  9985 | D:11     | Noticed a skeletal warrior
 10035 | D:11     | Killed a skeletal warrior
 10072 | D:11     | Reached skill level 15 in Axes
 10084 | D:11     | Reached ***** piety under Trog
 10121 | D:11     | Noticed an eight-headed hydra
 10128 | D:11     | Killed an eight-headed hydra
 10619 | D:11     | Noticed a skeletal warrior
 10631 | D:11     | Killed a skeletal warrior
 10632 | D:11     | Reached XP level 12. HP: 93/110 MP: 11/11
 10868 | D:5      | Bought a scroll of identify for 28 gold pieces
 10868 | D:5      | Bought a scroll of identify for 28 gold pieces
 10868 | D:5      | Bought a scroll of identify for 28 gold pieces
 10868 | D:5      | Bought a scroll of identify for 28 gold pieces
 11230 | D:4      | Bought a scroll of noise for 13 gold pieces
 11230 | D:4      | Bought a scroll of amnesia for 52 gold pieces
 11230 | D:4      | Bought a scroll of identify for 26 gold pieces
 11230 | D:4      | Bought a scroll of identify for 26 gold pieces
 11463 | D:12     | Noticed Frances
 11657 | D:12     | Noticed Josephine
 11675 | D:12     | Killed Josephine
 11730 | D:12     | Found a staircase to the Orcish Mines.
 11769 | D:12     | Reached skill level 10 in Shields
 12147 | D:12     | Reached skill level 16 in Axes
 12147 | D:12     | Found a white marble altar of Elyvilon.
 12411 | D:12     | Killed Frances
 12745 | Lair:1   | Entered Level 1 of the Lair of Beasts
 12859 | Lair:1   | Noticed a boulder beetle
 12872 | Lair:1   | Killed a boulder beetle
 13084 | Lair:1   | Received a gift from Trog
 13618 | Lair:2   | Reached XP level 13. HP: 119/119 MP: 12/12
 13668 | Lair:2   | Found a staircase to the Swamp.
 14084 | Lair:3   | You fall into a shaft and drop 2 floors!
 14084 | Lair:5   | Entered Level 5 of the Lair of Beasts
 14153 | Lair:5   | HP: 1/119 [cane toad (8)]
 14156 | Lair:5   | Demolished by a cane toad

Illustrated notes

Levels and vault maps discovered:
D:1:      dpeg_arrival_rooms_c, layout_loops_ring,
          hellmonk_ecumenical_altar_inner_sanctum, minmay_pentomino_t2
D:2:      layout_basic
D:3:      layout_loops_ring, mainiacjoe_overflow_two_lobes, uniq_terence
D:4:      layout_rooms, serial_shops, shop
D:5:      layout_basic, tgw_xom, mainiacjoe_overflow_boulevard,
          minmay_temple_entry_gardened_gates, serial_shops,
          nicolae_shop_crystal, shop, nicolae_shop_stone, nicolae_shop_crystal,
          nicolae_shop_crystal, uniq_grinder
D:6:      layout_basic, grunt_decor_resistance, chequers_mini_garden,
          chequers_serial_rivers_micro_d, uniq_duvessa
D:7:      layout_basic, serial_curves, eino_curves_04, eino_curves_03,
          uniq_joseph, uniq_pikel
D:8:      layout_basic, erik_lair_orcish_takeover, kennysheep_generic_room_5,
          uniq_grum, uniq_maurice
D:9:      layout_grid_maze
D:10:     layout_irregular_city, st_stairs_14
D:11:     layout_basic, chequers_decorated_corner
D:12:     layout_roguey, david_orc_5, nicolae_elyvilon_temple_path,
          uniq_josephine, uniq_frances
Lair:1:   layout_big_grid, grunt_megastairs_1
Lair:2:   layout_concentric_octagons, minmay_swamp_entry_swarm
Lair:3:   layout_cave_pods, spider_nest_entry_web_field
Lair:5:   minmay_lair_end_frog_pond, layout_cave_pods, slime_entry_1,
          nicolae_lair_grove_arrangements, columned_hall_lemuel

Skill      XL: |  1  2  3  4  5  6  7  8  9 10 11 12 |
---------------+-------------------------------------+-----
Axes           | 4 5 6 7 8 10 12 13 15 16 | 16.8
Fighting       | 4 5 6 7 9 10 11 12 | 12.9
Armour         | 3 4 5 6 7 8 9 11 12 | 12.6
Shields        | 6 8 9 12 | 12.7
Dodging        | |  2.1

Action                   |  1- 3 |  4- 6 |  7- 9 | 10-12 | 13-15 || total
-------------------------+-------+-------+-------+-------+-------++-------
Melee: Hand axe          |    72 |   146 |       |       |       ||   218
       Headbutt          |    11 |    27 |    59 |   100 |    21 ||   218
       Punch             |       |     2 |     4 |       |       ||     6
       War axe           |       |    32 |   433 |   507 |    86 ||  1058
       Mace              |       |       |       |     5 |       ||     5
Throw: Dart              |       |       |       |     1 |       ||     1
Invok: Berserk           |     1 |     1 |     1 |     4 |     1 ||     8
       Trog's Hand       |       |     1 |     5 |     6 |       ||    12
  Use: Scroll            |     2 |     3 |     4 |    11 |     1 ||    21
       Potion            |       |       |       |       |     3 ||     3
Armor: Scale mail        |    24 |       |       |       |       ||    24
       Chain mail        |     6 |    84 |   236 |   218 |       ||   544
       Plate armour      |       |       |       |    34 |    37 ||    71
Dodge: Dodged            |    34 |    83 |   135 |   117 |    21 ||   390
Block: Buckler           |       |       |    58 |    82 |       ||   140
       Tower shield      |       |       |       |   178 |    74 ||   252
